[Event "Snabbschacks-SM 2025"]
[Site "Norrköping, Sweden"]
[Date "2025.09.27"]
[Round "3.5"]
[White "Muntean, Victor"]
[Black "Sandhu, Ludwig"]
[Result "1/2-1/2"]
[TimeControl "25 min + 10 sec/move"]
[WhiteElo "2151"]
[BlackElo "1806"]

1. e4 e6 2. d4 d5 3. e5 c5 4. c3 Nc6 5. Nf3 Qb6 6. Bd3 Bd7 7. dxc5 Bxc5 8. O-O a5 9. Qe2 Nge7 10. Nbd2 Ng6 11. Nb3 Be7 12.
Nbd4 Bc5 13. Nb5 Na7 14. Nxa7 Qxa7 15. h4 Ne7 16. Re1 Qb6 17. Be3 Bxe3 18. Qxe3 Qxe3 19. Rxe3 a4 20. Nd4 Ra5 21.
a3 Nc6 22. Nb5 Nxe5 23. Nd6+ Ke7 24. Nxb7 Ra7 25. Nc5 Nxd3 26. Nxd3 Bb5 27. Nb4 Kd6 28. Rd1 Bc4 29. h5 h6 30. Rg3 Rg8 31. Rd2 g5 32. hxg6 Rxg6 33.
Rxg6 fxg6 34. Nc2 Kc5 35. f4 g5 36. g3 gxf4 37. gxf4 Rg7+ 38. Kf2 h5 39. Nd4 Kd6 40. Nf3 Bb3 41. Ke3 Rg3 42. Kf2 Rg4 43. Rd4 h4 44.
f5 exf5 45. Nxh4 Ke5 46. Nf3+ Kd6 47. Ke3 Rg2 48. Rd2 Rg4 49. Rf2 Re4+ 50. Kd2 Bc4 51. Ng5 Rg4 52. Rxf5 Rg2+ 53. Ke3 Rxb2 54. Rf6+ Ke5 55. Rc6 Re2+ 56.
Kf3 Rc2 57. Nf7+ Kf5 58. Nd6+ Kg5 59. Nf7+ Kf5 60. Nd6+ Kg5 61.
Nf7+ Kf5 62. Nd6+ Ke5 1/2-1/2

[ePGN "0.1;DGT LiveChess/2.2.7"]

[Event "Snabbschacks-SM 2025"]
[Site "Norrköping, Sweden"]
[Date "2025.09.27"]
[Round "5.1"]
[White "Religa, Marek"]
[Black "Grahn, Vidar"]
[Result "1/2-1/2"]
[TimeControl "25 min + 10 sec/move"]
[BlackTitle "FM"]
[WhiteElo "2207"]
[BlackElo "2236"]

1. e4 e5 2. d4 exd4 3. Qxd4 Nc6 4. Qe3 Nf6 5. Nc3 Bb4 6.
Bd2 d6 7. O-O-O Qe7 8. f3 Be6 9.
Nge2 O-O-O 10. Nf4 Rhe8 11. Bb5 Bc5 12. Qe1 Bb6 13. Qg3 Qf8 14. Ncd5 Nd7 15. Bc3 Nce5 16. Nxe6 Rxe6 17. Nxb6+ Nxb6 18.
f4 Ned7 19. Rhe1 f6 20. Bd4 Kb8 21. Qh3 Qg8 22. Re3 c6 23. Bd3 c5 24. Bc3 c4 25. Be2 Rde8 26. Bg4 R6e7 27. Bb4 Nc5 28.
Bf3 Nxe4 29. Bxe4 Rxe4 30. Bxd6+ Ka8 31. Rxe4 Rxe4 32. Bc7 Re8 33. Bxb6 axb6 34. Qa3+ Kb8 35. Qd6+ Ka7 36. Qd7 Qe6 37. Qxe6 Rxe6 38.
Rd7 Re4 39. g3 Re2 40. h4 g6 41. Rxh7 Rg2 42. Rg7 Rxg3 43. f5 g5 44. hxg5 fxg5 45. Kd2 Ka6 46. Ke2 b5 47. f6 g4 48. Rg6 Rf3 49. Rxg4 Rxf6 50.
Rg8 Rh6 51. Kd2 Rh3 52. Re8 b4 1/2-1/2

[Event "Snabbschacks-SM 2025"]
[Site "Norrköping, Sweden"]
[Date "2025.09.27"]
[Round "1.10"]
[White "Muntean, Victor"]
[Black "Bergqvist, Morris"]
[Result "1-0"]
[TimeControl "25 min + 10 sec/move"]
[WhiteElo "2151"]
[BlackElo "1790"]

1. e4 c6 2. d4 d5 3. exd5 cxd5 4. Nf3 Nf6 5. Ne5 Nc6 6. c3 Bd7 7. Bd3 e6 8. O-O Be7 9. Re1 O-O 10.
Nd2 Nxe5 11. dxe5 Ne8 12. Re3 g6 13. Rh3 Ng7 14. Nf3 f6 15. Bh6 fxe5 16. Nxe5 Bf6 17. Bxg6 hxg6 18. Nxg6 Qe8 19.
Nxf8 Qxf8 20. Rg3 Re8 21. h4 Qf7 22. h5 Kh8 23. Bg5 Nf5 24. Bxf6+ Qxf6 25. Rg6 Qf7 26. Qe2 Rg8 27. Qe5+ Kh7 28.
Rxg8 Qxg8 29. Qf4 Qg7 30. Re1 Bc8 31. g4 Nh6 32. g5 Nf5 33. g6+ Kh8 34. Qxf5 exf5 35. Re8+ Qg8 36. Rxg8+ Kxg8 37. h6 f4 38. Kg2 Bf5 39.
Kf3 Bxg6 40. Kxf4 Kf7 41. Ke5 Be4 42. c4 Bb1 43. cxd5 Bxa2 44. h7 Kg7 45. d6 Kxh7 46. d7 1-0

[Event "Snabbschacks-SM 2025"]
[Site "Norrköping, Sweden"]
[Date "2025.09.27"]
[Round "3.6"]
[White "Ask, Josef"]
[Black "Smith, Axel"]
[Result "0-1"]
[TimeControl "25 min + 10 sec/move"]
[WhiteTitle "FM"]
[BlackTitle "GM"]
[WhiteElo "2047"]
[BlackElo "2431"]

1. g4 d6 2. h3 c5 3. Bg2 g6 4. c4 Bg7 5. Nc3 Nc6 6. d3 e6 7. Nf3 Nge7 8. Bd2 a6 9. Qc1 h5 10.
g5 d5 11. O-O O-O 12. Rd1 b6 13. cxd5 exd5 14. e4 Be6 15. Ne2 Rc8 16. Nf4 Qd7 17.
Nxe6 Qxe6 18. Re1 Qd7 19. e5 Nf5 20. Bf4 Rfe8 21. Qd2 Re7 22.
h4 Rce8 23. Qc3 Ncd4 24. Nxd4 Nxd4 25. Bg3 Bxe5 26. Rxe5 Rxe5 27. Kh2 Ne2 28. Qd2 Nxg3 29. fxg3 Re2 30. Qf4 Rxb2 31. Kg1 Qe6 32. Rf1 Qe3+ 33. Qxe3 Rxg2+ 34. Kxg2 Rxe3 35. Rf6 Rxd3 36. Rxb6 Rd2+ 37. Kf3 Rxa2 38. Rd6 Ra3+ 39. Kf4 Rd3 40. Rxa6 c4 41. Rc6 c3 42. Ke5 Kg7 43. Kf4 d4 44.
g4 hxg4 45. Kxg4 Rd2 46. Kf4 c2 47. Rc7 d3 48. Ke5 Rd1 49. h5 gxh5 0-1

[Event "Snabbschacks-SM 2025"]
[Site "Norrköping, Sweden"]
[Date "2025.09.27"]
[Round "5.2"]
[White "Lindh, Fredrik"]
[Black "Muntean, Victor"]
[Result "0-1"]
[TimeControl "25 min + 10 sec/move"]
[WhiteTitle "FM"]
[WhiteElo "2249"]
[BlackElo "2151"]

1. e4 e5 2. Nf3 Nc6 3. Bb5 a6 4. Ba4 f5 5.
d4 exd4 6. e5 b5 7. Bb3 Na5 8. Bxg8 Rxg8 9. Nxd4 g6 10. Nc3 Bb7 11. O-O Qe7 12. Nf3 Qe6 13. Bg5 b4 14. Nd4 Qc4 15.
Nce2 Bc5 16. b3 Qd5 17. Nf3 Qxd1 18. Raxd1 Bxf3 19. gxf3 Nc6 20. Rd5 Be7 21. Bxe7 Nxe7 22. Rc5 O-O-O 23. c3 bxc3 24. Rc1 Rde8 25. Nd4 Kb7 26. R1xc3 c6 27. R3c4 Kb6 28. a4 a5 29. b4 axb4 30. a5+ Ka6 31. Rxb4 Nd5 32. Rb1 Rxe5 33. Nc2 Ree8 34.
Ne3 Nxe3 35. Rb6+ Ka7 36. fxe3 Rxe3 37. Kf2 Ree8 38. Rb4 Re6 39. Rc3 Rb8 40. Rd4 d5 41. h4 Rb5 42. h5 Rxa5 43.
hxg6 hxg6 44. Rb4 c5 45. Rh4 Kb6 46. Rb3+ Rb5 47. Ra3 c4 48. Rh6 Kc5 0-1

[ePGN "0.1;DGT LiveChess/2.2.7"]

[Event "Snabbschacks-SM 2025"]
[Site "Norrköping, Sweden"]
[Date "2025.09.27"]
[Round "2.1"]
[White "Smith, Axel"]
[Black "Rogoz, Vladyslav"]
[Result "1/2-1/2"]
[TimeControl "25 min + 10 sec/move"]
[WhiteTitle "GM"]
[WhiteElo "2431"]
[BlackElo "2108"]

1. c4 e6 2. Nc3 b6 3. e4 Bb7 4.
d4 Bb4 5. f3 Nh6 6. Nh3 Qh4+ 7. g3 Qf6 8.
Bg2 c5 9. a3 cxd4 10. axb4 dxc3 11. Qb3 cxb2 12. Bxb2 e5 13.
f4 d6 14. c5 Nd7 15. cxd6 Qxd6 16. Rd1 Qe7 17. fxe5 Nxe5 18. Qa4+ Bc6 19. b5 Bb7 20. O-O Nhg4 21. Qb3 Qc5+ 22.
Bd4 Qe7 23. Bb2 Qc5+ 24. Bd4 Qe7 1/2-1/2

[Event "Snabbschacks-SM 2025"]
[Site "Norrköping, Sweden"]
[Date "2025.09.27"]
[Round "3.7"]
[White "Nygren, Kim"]
[Black "Wernberg, Hugo"]
[Result "1/2-1/2"]
[TimeControl "25 min + 10 sec/move"]
[WhiteTitle "CM"]
[BlackTitle "FM"]
[WhiteElo "2173"]
[BlackElo "2285"]

1. d4 Nf6 2. Bg5 d5 3. Bxf6 gxf6 4. e3 c6 5. c4 e6 6. Nc3 Nd7 7. a3 Rg8 8. Qc2 f5 9. cxd5 cxd5 10.
Nb5 Qa5+ 11. Kd1 Kd8 12. Rc1 Nf6 13. Nf3 Bd7 14. b4 Qb6 15. Ne5 Rc8 16. Nxd7 Rxc2 17. Nxb6 Rxc1+ 18. Kxc1 axb6 19. f3 Bh6 20. Kd2 f4 21.
exf4 Bxf4+ 22. Kc2 Kd7 23. g3 Rc8+ 24. Nc3 Bh6 25. Bb5+ Ke7 26. Kd3 Ne8 27. Bxe8 Kxe8 28. Re1 Kd7 29.
Na4 Rc1 30. Rxc1 Bxc1 31. b5 Kc7 32. Nc3 Bxa3 33. f4 Bb4 34. Nd1 Kd6 35. Ne3 Ke7 36. Ng4 Bd6 37. Ke3 f6 38. Kf3 Ba3 39.
h3 Kf7 40. Ke3 Kg6 41. Nf2 Bc1+ 42. Kf3 Bd2 43. Nd3 Kh5 44. f5 exf5 45. Nf4+ Bxf4 46. Kxf4 Kg6 47. h4 h5 48. Ke3 Kf7 49.
Kf3 Kg7 1/2-1/2

[Event "Snabbschacks-SM 2025"]
[Site "Norrköping, Sweden"]
[Date "2025.09.27"]
[Round "5.3"]
[White "Ostling, Hakan"]
[Black "Smith, Axel"]
[Result "0-1"]
[TimeControl "25 min + 10 sec/move"]
[BlackTitle "GM"]
[WhiteElo "2117"]
[BlackElo "2431"]

1. f4 Nf6 2. Nf3 d5 3. g3 c6 4. Bg2 Qb6 5. e3 Bg4 6. h3 Bxf3 7. Bxf3 Nbd7 8. d4 e6 9. Nd2 c5 10. c3 Bd6 11. Qb3 Qc7 12.
O-O O-O 13. e4 dxe4 14. Nxe4 Nxe4 15. Bxe4 Rab8 16. Be3 cxd4 17. cxd4 Nf6 18. Bg2 Qa5 19.
g4 Nd5 20. f5 Nxe3 21. Qxe3 e5 22. Kh1 exd4 23. Qxd4 Be5 24. Qf2 Rbd8 25. b4 Qb5 26. Rab1 Rd4 27.
Rfe1 f6 28. a3 Rfd8 29. Qa2+ Kh8 30. Qe2 Qa4 31. Qf3 Rd3 32. Qxb7 Qxa3 33. Qe4 Rxh3+ 34. Bxh3 Qxh3+ 35. Kg1 Bh2+ 36.
Kf2 Rd2+ 37. Re2 Qg3+ 0-1